 Dungeon Crawl Stone Soup version 0.23-a0-171-g5ae17c6 (webtiles) character file.

2441 grindst0ne the Prestidigitator (level 9, -1/75 HPs)
             Began as a Human Artificer on Sept 13, 2018.
             Was a Follower of Makhleb.
             Slain by a manticore (2 damage)
             ... on level 8 of the Dungeon.
             The game lasted 00:14:26 (7048 turns).

grindst0ne the Prestidigitator (Human Artificer)    Turns: 7048, Time: 00:14:27

Health: -1/75      AC: 11    Str: 15    XL:     9   Next: 78%
Magic:  0/15       EV:  7    Int: 13    God:    Makhleb [*.....]
Gold:   370        SH:  0    Dex: 13    Spells: 8/8 levels left

rFire    . . .     SeeInvis .   I - +0 spear (venom)
rCold    . . .     Gourm    .   (no shield)
rNeg     + . .     Faith    .   B - +0 chain mail
rPois    +         Spirit   +   c - +0 helmet
rElec    .         Reflect  .   u - +0 cloak
rCorr    .         Harm     .   y - +0 pair of gloves
MR       .....                  (no boots)
Stlth    ..........             t - amulet of guardian spirit
HPRegen  0.22/turn              v - ring of poison resistance
MPRegen  0.14/turn              b - ring of positive energy

@: no status effects
A: no striking features
a: Renounce Religion


You were on level 8 of the Dungeon.
You worshipped Makhleb.
Makhleb was aware of your devotion.
You were very hungry.

You visited 2 branches of the dungeon, and saw 9 of its levels.

You collected 370 gold pieces.

Inventory:

Hand Weapons
 C - the +7 dagger of the Poles {pierce, rC++ Int-4 Dex+5}
   (You found it on level 4 of the Dungeon)

   It inflicts extra damage upon your enemies.
   It affects your intelligence (-4).
   It affects your dexterity (+5).
   It greatly protects you from cold.
 F - a +5 vampiric whip
 I - a +0 spear of venom (weapon)
Missiles
 a - a throwing net (quivered)
Armour
 c - a +0 helmet (worn)
 m - a +0 shield
 u - a +0 cloak (worn)
 w - a +0 plate armour
 y - a +0 pair of gloves (worn)
 B - a +0 chain mail (worn)
Jewellery
 b - a ring of positive energy (right hand)
 t - an amulet of guardian spirit (around neck)
 v - a ring of poison resistance (left hand)
Wands
 d - a wand of enslavement (14)
 e - a wand of random effects (35)
 E - a wand of flame (19)
Scrolls
 g - 9 scrolls of remove curse
 h - 3 scrolls of enchant armour {unknown}
 j - 4 scrolls of immolation
 n - 2 scrolls of enchant weapon {unknown}
 o - a scroll of fear {unknown}
 p - 3 scrolls of amnesia
 r - a scroll of blinking {unknown}
 D - a scroll of random uselessness {unknown}
 G - a scroll of identify
Potions
 i - a potion of cancellation
 k - 4 potions of might
 l - 2 potions of berserk rage {unknown}
 q - 2 potions of magic {unknown}
 s - a potion of brilliance
 x - 2 potions of agility
 A - a potion of heal wounds {unknown}
 H - 2 potions of invisibility {unknown}
Comestibles
 f - 12 rations


   Skills:
 + Level 8.6 Fighting
 - Level 1.0 Short Blades
 - Level 2.0 Dodging
 - Level 1.0 Stealth
 * Level 3.6 Invocations
 - Level 9.0 Evocations


You had 8 spell levels left.
You didn't know any spells.
Your spell library contained the following spells:

 Spells                   Type           Power        Failure   Level  Hunger
 Animate Skeleton         Necr           N/A          100%        1    ##.....
 Apportation              Tloc           #.....       100%        1    ##.....
 Beastly Appendage        Tmut           #.....       100%        1    ##.....
 Confusing Touch          Hex            #.....       100%        1    ##.....
 Summon Small Mammal      Summ           #...         100%        1    ##.....
 Sticks to Snakes         Tmut           #.......     100%        2    ###....
 Confuse                  Hex            #.......     100%        3    ####...
 Gell's Gravitas          Tloc           #.........   100%        3    ####...
 Spider Form              Tmut/Pois      #.........   100%        3    ####...
 Ice Form                 Ice/Tmut       #.......     100%        4    #####..
 Petrify                  Tmut/Erth      #.......     100%        4    #####..
 Blade Hands              Tmut           #.........   100%        5    ######.
 Metabolic Englaciation   Hex/Ice        #.........   100%        5    ######.
 Yara's Violent Unravell  Hex/Tmut       #.........   100%        5    ######.


Dungeon Overview and Level Annotations

Branches:
Dungeon (8/15)             Temple (1/1) D:5
   Lair: D:8-11

Altars:
Ashenzari
Cheibriados
Dithmenos
Fedhas
Gozag
Hepliaklqana
Kikubaaqudgha
Makhleb
Nemelex Xobeh
Okawaru
Qazlal
Ru
Sif Muna
Trog
Uskayaw
Vehumet
Wu Jian
Yredelemnul
Zin
The Shining One

Shops:
D:7 [


Message History

Something bites you!
* * * LOW HITPOINT WARNING * * *
Something claws you but does no damage. x2; The crimson imp closely misses you.
Evoke which item? (* to show all) (? for menu, Esc to quit)
Aiming: Throw Flame
Press: ? - help, Shift-Dir - straight line, f - you
Okay, then.
You feel better. Something bites you. Something claws you.
* * * LOW HITPOINT WARNING * * *
Something claws you but does no damage.
The crimson imp hits you but does no damage.
You hit something but do no damage. Something bites you!
* * * LOW HITPOINT WARNING * * *
Something completely misses you. Something claws you.
* * * LOW HITPOINT WARNING * * *
The crimson imp hits you but does no damage.
You feel better. Something bites you!
* * * LOW HITPOINT WARNING * * *
Something claws you but does no damage. Something claws you.
You die...

###########
#.........#
......###.#
#......##.########
###...###........#
##.## ########.#
#.# #.# #.#
####.## #+#
#...@.# #..5{.#
#.....# #..$..#
#.....# .....##
##...## ##..


You could see a crimson imp.

Vanquished Creatures
  Grinder (D:4)
  Sigmund (D:4)
  Eustachio (D:4)
  An orc warrior (D:5)
  2 ice beasts
  A sky beast (D:6)
  An ogre (D:8)
  A centaur (D:7)
  A bullfrog (D:7)
  A gnoll sergeant (D:8)
  2 scorpions
  A wyvern skeleton (D:6)
  A howler monkey (D:5)
  6 crimson imps
  A jelly (D:5)
  3 hounds
  2 centaur skeletons (D:4)
  2 orc priests (D:6)
  2 bullfrog skeletons
  2 iguanas (D:5)
  10 gnolls
  3 orc wizards
  4 worker ants
  A mummy (D:5)
  8 adders
  3 shadow imps
  An adder zombie (D:5)
  4 adder skeletons
  2 worms
  4 dart slugs
  4 leopard geckos
  15 orcs
  9 bats
  6 giant cockroaches
  3 hobgoblins
  11 jackals
  9 kobolds
  2 quokkas
  A ball python (D:5)
  5 frilled lizards
  7 goblins
  2 leopard gecko skeletons
  A leopard gecko zombie (D:5)
  A quokka skeleton (D:6)
  8 rats
157 creatures vanquished.

Vanquished Creatures (collateral kills)
  3 gnolls (D:4)
3 creatures vanquished.

Grand Total: 160 creatures vanquished

Notes
Turn   | Place    | Note
-------+----------+-------------------------------------------
     0 | D:1      | grindst0ne the Human Artificer began the quest for the Orb.
     0 | D:1      | Reached XP level 1. HP: 15/15 MP: 3/3
    86 | D:1      | Reached XP level 2. HP: 15/21 MP: 4/4
   323 | D:1      | You fall through a shaft!
   325 | D:2      | Reached XP level 3. HP: 27/27 MP: 5/5
   370 | D:2      | Found a hazy altar of Hepliaklqana.
  1304 | D:3      | Reached XP level 4. HP: 25/34 MP: 6/6
  1338 | D:3      | Reached skill level 4 in Evocations
  1866 | D:3      | Reached XP level 5. HP: 31/41 MP: 6/8
  2067 | D:3      | Found a hide-covered altar of Uskayaw.
  2436 | D:4      | Noticed Grinder
  2440 | D:4      | Paralysed by Grinder for 7 turns
  2451 | D:4      | Killed Grinder
  2451 | D:4      | Reached skill level 5 in Evocations
  2451 | D:4      | Reached XP level 6. HP: 40/49 MP: 6/10
  2612 | D:4      | Reached XP level 7. HP: 42/55 MP: 9/11
  2659 | D:4      | Got a translucent dagger
  2665 | D:4      | Identified the +7 dagger of the Poles {pierce, rC++ Int-4
                  | Dex+5} (You found it on level 4 of the Dungeon)
  2989 | D:4      | Noticed Sigmund
  3045 | D:4      | Killed Sigmund
  3045 | D:4      | Reached skill level 5 in Fighting
  3045 | D:4      | Reached skill level 6 in Evocations
  3251 | D:4      | Noticed Eustachio
  3309 | D:4      | Killed Eustachio
  3309 | D:4      | Reached XP level 8. HP: 26/64 MP: 7/13
  3558 | D:5      | Entered Level 5 of the Dungeon
  3691 | D:5      | Reached skill level 7 in Evocations
  4224 | D:5      | Found a staircase to the Ecumenical Temple.
  4235 | D:5      | Found a blossoming altar of Fedhas.
  4291 | Temple   | Entered the Ecumenical Temple
  4371 | Temple   | Became a worshipper of Makhleb the Destroyer
  4815 | D:5      | Found a snail-covered altar of Cheibriados.
  4991 | D:5      | Reached skill level 8 in Evocations
  4991 | D:5      | Reached XP level 9. HP: 32/72 MP: 6/15
  5701 | D:6      | Found a radiant altar of Vehumet.
  5702 | D:6      | Found a sparkling altar of Nemelex Xobeh.
  5854 | D:6      | Found a shattered altar of Ashenzari.
  6180 | D:7      | Reached skill level 1 in Invocations
  6181 | D:7      | Found Hovvoph's Armour Boutique.
  6209 | D:7      | Found a deep blue altar of Sif Muna.
  6322 | D:7      | Reached * piety under Makhleb
  6581 | D:7      | Reached skill level 9 in Evocations
  7033 | D:8      | Noticed a manticore
  7048 | D:8      | HP: 1/75 [something (10)]
  7048 | D:8      | Slain by a manticore

Vault maps used:
D:1:      dpeg_arrival_tiny_b
D:2:      lemuel_doored_altar
D:3:      marbit_many_paths, first_ration
D:4:      uniq_grinder, uniq_sigmund, uniq_eustachio
D:5:      minmay_opposing_rooms, slow_altar_2, kennysheep_little_box,
          minmay_temple_entry_glassed_door
D:6:      cheibrodos_ashenzari_chains, gammafunk_temple_overflow_pools
D:7:      overflow_temple_1_default, serial_shops, shop,
          minmay_misc_feat_more_columns
D:8:      basic_altar, fedhas_altar_1, uniq_pikel
Temple:   hc_temple_tempest_star

Skill      XL: |  1  2  3  4  5  6  7  8  9 |
---------------+----------------------------+-----
Fighting       | 2 3 4 5 7 8 |  8.6
Evocations     | 4 5 6 8 9 |  9.0
Invocations    | 3 |  3.6
Short Blades   | |  1.0
Dodging        | |  2.0
Stealth        | |  1.0

Action                   |  1- 3 |  4- 6 |  7- 9 || total
-------------------------+-------+-------+-------++-------
Melee: Short sword       |   155 |    34 |       ||   189
       Flail             |       |    71 |     8 ||    79
       Dagger            |       |       |   374 ||   374
       Spear             |       |       |    24 ||    24
Throw: Throwing net      |       |       |     1 ||     1
Evoke: Wand              |       |    18 |    15 ||    33
  Use: Scroll            |     1 |       |     7 ||     8
       Potion            |       |       |     3 ||     3
  Eat: Chunk             |     1 |     4 |    14 ||    19
Armor: Leather armour    |     4 |       |       ||     4
       Scale mail        |    80 |    59 |    79 ||   218
       Chain mail        |       |       |   131 ||   131
Dodge: Dodged            |    92 |    65 |   141 ||   298

Table legend:
 A = Non-vault XP
 B = Vault XP
 C = Vault XP percentage of total XP
 D = Non-vault monster count
 E = Vault monster count
 F = Vault count percentage of total count
                 A         B        C        D         E       F
            +---------+---------+-------+---------+---------+-------
      Total |    2485 |    1003 |  28.8 |     146 |      14 |   8.8
            +---------+---------+-------+---------+---------+-------
        D:1 |      40 |       0 |   0.0 |      22 |       0 |   0.0
        D:2 |      23 |       0 |   0.0 |      14 |       0 |   0.0
        D:3 |      96 |       2 |   2.0 |      26 |       1 |   3.7
        D:4 |     239 |     703 |  74.6 |      16 |       3 |  15.8
        D:5 |     706 |     298 |  29.7 |      21 |      10 |  32.3
        D:6 |     561 |       0 |   0.0 |      20 |       0 |   0.0
        D:7 |     459 |       0 |   0.0 |      18 |       0 |   0.0
        D:8 |     361 |       0 |   0.0 |       9 |       0 |   0.0
            +---------+---------+-------+---------+---------+-------
